 Dungeon Crawl Stone Soup version 0.25.0-9-g26727b657a (webtiles) character file.

Game seed: 697394817157023590

102 shadizar the Skirmisher (level 4, -1/30 HPs)
             Began as a Gargoyle Fighter on June 16, 2020.
             Was an Initiate of Okawaru.
             Slain by an ogre
             ... wielding a +0 giant club
              (22 damage)
             ... on level 4 of the Dungeon.
             The game lasted 00:02:22 (2385 turns).

shadizar the Skirmisher (Gargoyle Fighter)          Turns: 2385, Time: 00:02:22

Health: -1/30      AC: 10    Str: 21    XL:     4   Next: 77%
Magic:  4/4        EV:  7    Int:  8    God:    Okawaru [......]
Gold:   161        SH:  9    Dex:  9    Spells: 3/3 levels left

rFire    . . .     SeeInvis .   a - +0 rapier
rCold    . . .     Gourm    .   c - +0 kite shield
rNeg     + . .     Faith    .   b - +0 scale mail
rPois    ∞         Spirit   .   (no helmet)
rElec    +         Reflect  .   (no cloak)
rCorr    .         Harm     .   (no gloves)
MR       .....                  (no boots)
Stlth    ..........             (no amulet)
HPRegen  0.10/turn              (no ring)
MPRegen  0.09/turn              (no ring)

@: no status effects
A: negative energy resistance 1, electricity resistance, unbreathing,
petrification resistance, rot immunity, AC +3
a: Renounce Religion


You were on level 4 of the Dungeon.
You worshipped Okawaru.
Okawaru was noncommittal.
You were hungry.

You visited 2 branches of the dungeon, and saw 5 of its levels.

You collected 161 gold pieces.

Inventory:

Hand Weapons
 a - a +0 rapier (weapon)
Armour
 b - a +0 scale mail (worn)
 c - a +0 kite shield (worn)
Wands
 g - a wand of iceblast (8)
 p - a wand of paralysis (6)
Scrolls
 e - 4 scrolls of identify {unknown}
 h - a scroll of magic mapping {unknown}
 i - 2 scrolls of enchant armour {unknown}
 k - 2 scrolls of enchant weapon {unknown}
 m - a scroll of immolation {unknown}
 n - 3 scrolls of remove curse {unknown}
 o - a scroll of blinking {unknown}
Potions
 d - a potion of might
 j - 3 potions of berserk rage {unknown}
 l - a potion of mutation {unknown}
Comestibles
 f - 7 rations


   Skills:
 * Level 4.4 Fighting
 + Level 2.3 Short Blades
 + Level 3.9 Armour
 + Level 1.0 Dodging
 + Level 3.7 Shields


You had 3 spell levels left.
You didn't know any spells.
Your spell library was empty.

Dungeon Overview and Level Annotations

Branches:
Dungeon (4/15)             Temple (1/1) D:4

Altars:
Ashenzari
Cheibriados
Dithmenos
Elyvilon
Fedhas
Hepliaklqana
Kikubaaqudgha
Nemelex Xobeh
Okawaru
Trog
Wu Jian
Yredelemnul
Zin
The Shining One

Annotations:
D:3 Sigmund


Innate Abilities, Weirdness & Mutations

You are resistant to torment.
Your stone body is resilient. (AC +3)
You are immune to poison.
You resist negative energy. (rN+)
You are resistant to electric shocks. (rElec)
You can survive without breathing.
You are immune to petrification.
You are immune to rotting.


Message History

Your shield and scale mail prevent you from hitting the ogre.
The ogre barely misses you.
You closely miss the ogre. You hit the ogre.
The ogre is moderately wounded.
The ogre barely misses you.
You puncture the ogre!
The ogre is heavily wounded.
You block the ogre's attack.
You hit the ogre.
The ogre is heavily wounded.
The ogre hits you with a +0 giant club.
You barely miss the ogre.
The ogre is heavily wounded.
The ogre barely misses you.
You completely miss the ogre.
The ogre is heavily wounded.
The ogre hits you with a +0 giant club!!
Ouch! That really hurt!
You die...

#.................
#........####.....
#........# #...>.
#.......## #.....
##.....######.....
#...(......##.....
#..........##.....
#..........#####.#
#@.........# #..#
#.O##...#########.##
..........#####...#.##
....#...................
... #...................
.. ..........#.##.>.....
. ##...................
#.............##....
#.............##..[.


You could see an ogre.

Vanquished Creatures
  2 adders (D:4)
  A shadow imp (D:2)
  An ooze (D:2)
  2 worms (D:2)
  3 dart slugs
  4 leopard geckos
  An orc (D:3)
  6 bats
  2 giant cockroaches
  7 goblins
  6 hobgoblins
  5 jackals
  5 frilled lizards
  8 kobolds
  A rat (D:2)
54 creatures vanquished.

Notes
Turn   | Place    | Note
-------+----------+-------------------------------------------
     0 | D:1      | shadizar the Gargoyle Fighter began the quest for the Orb.
     0 | D:1      | Reached XP level 1. HP: 14/14 MP: 1/1
   161 | D:1      | Reached XP level 2. HP: 19/19 MP: 2/2
   549 | D:1      | Reached XP level 3. HP: 24/24 MP: 3/3
   851 | D:2      | Reached skill level 4 in Fighting
  1159 | D:2      | Reached XP level 4. HP: 29/29 MP: 4/4
  1571 | D:3      | Noticed Sigmund
  1616 | D:3      | HP: 1/29 [something/magic dart (2)]
  1928 | D:3      | Reached skill level 1 in Dodging
  1944 | D:3      | You fall into a shaft and drop 1 floor!
  1993 | D:4      | Found a staircase to the Ecumenical Temple.
  2063 | Temple   | Entered the Ecumenical Temple
  2091 | Temple   | Became a worshipper of Warmaster Okawaru
  2370 | D:4      | Noticed an ogre
  2385 | D:4      | Slain by an ogre

Illustrated notes

Levels and vault maps discovered:
D:1:      dpeg_arrival_rooms_a, layout_basic
D:2:      layout_loops_ring
D:3:      layout_basic, first_ration, uniq_sigmund
D:4:      layout_rooms, minmay_temple_entry_butterflies, serial_shops,
          nicolae_shop_waterfront
Temple:   dpeg_chambers_temple

Skill      XL: |  1  2  3  4 |
---------------+-------------+-----
Short Blades   | 2 |  2.3
Fighting       | 4 |  4.4
Dodging        | 1 |  1.0
Armour         | |  3.9
Shields        | |  3.7

Action                   |  1- 3 |  4- 6 || total
-------------------------+-------+-------++-------
Melee: Rapier            |   113 |    66 ||   179
  Eat: Chunk             |     1 |     3 ||     4
Armor: Scale mail        |    49 |    28 ||    77
Dodge: Dodged            |    32 |    13 ||    45
Block: Kite shield       |    46 |    21 ||    67
